 Dungeon Crawl Stone Soup version 0.31.0-11-ge490571c62 (webtiles) character file.

Game seed: 16424021194742758531

2445 qw the Nimble (level 9, -3/43 (44) HPs)
             Began as a Spriggan Hunter on Feb 4, 2024.
             Was a Priest of Okawaru.
             Slain by Jeremiah
             ... wielding a +4 trident of draining
              (7 damage)
             ... on level 6 of the Dungeon.
             The game lasted 00:00:20 (3563 turns).

qw the Nimble (Spriggan Hunter)                     Turns: 3563, Time: 00:00:20

HP:   -3/43 (44)    AC:  2    Str: 13    XL:     9   Next: 25%
MP:   12/14         EV: 36    Int: 10    God:    Okawaru [***...]
Gold: 94            SH:  5    Dex: 23    Spells: 8/8 levels left

rFire   . . .        a - +3 shortbow
rCold   . . .        (shield currently unavailable)
rNeg    . . .        c - +0 robe
rPois   .            (helmet restricted)
rElec   .            (no cloak)
rCorr   .            (gloves unavailable)
SInv    +            (boots unavailable)
Will    +....        i - amulet of reflection
Stlth   ++++         h - +5 ring of evasion
HPRegen 0.27/turn    e - +6 ring of strength
MPRegen 0.14/turn

%: reflection
@: heroic, lightly drained, very quick
A: very small, no large weapons, unfitting armour, see invisible, speed 3
a: Renounce Religion, Heroism


You were on level 6 of the Dungeon.
You worshipped Okawaru.
Okawaru was most pleased with you.
You visited 1 branch of the dungeon, and saw 6 of its levels.

You collected 175 gold pieces.
You spent 81 gold pieces at shops.


Innate Abilities, Weirdness & Mutations

You are very small and have problems with some larger weapons.
You are too small for most types of armour.
You have supernaturally acute eyesight. (SInv)
You cover ground extremely quickly. (Speed+++)


   Skills:
 - Level 3.2(8.2) Fighting
 - Level 9.0(14.0) Ranged Weapons
 + Level 9.1(14.1) Dodging
 - Level 1.5(6.5) Stealth
 - Level 5.8 Invocations


You had 8 spell levels left.
You didn't know any spells.
Your spell library was empty.

Inventory:

Hand Weapons
 a - a +3 shortbow (weapon)
Armour
 c - a +0 robe (worn)
Jewellery
 e - a +6 ring of strength (right hand)
 h - a +5 ring of evasion (left hand)
 i - an amulet of reflection (around neck)
Wands
 g - a wand of flame (1)
Scrolls
 b - a scroll of brand weapon {unknown}
 k - 2 scrolls of identify
Potions
 d - 5 potions of curing
 f - 2 potions of mutation
 m - a potion of cancellation

Dungeon Overview and Level Annotations

Branches:
Dungeon (6/15)             Temple (0/1) D:4

Altars:
Dithmenos
Elyvilon
Makhleb
Okawaru
Ru
Vehumet

Shops:
D:2 !   D:4 ?

Annotations:
D:4 1 runed translucent door, qw's ghost, amateur SpHu
D:5 1 runed translucent door, Crazy Yiuf
D:6 Jeremiah


Message History

The butterfly disappears in a burst of colours!
The butterfly disappears in a burst of colours! x2
Jeremiah throws their arms up pleadingly.
Something smites you!
3552 ||| DRINKING potion of heal wounds.
You feel much better.
The butterfly disappears in a burst of colours! x2
Jeremiah mumbles a slurred invocation.
Something smites you!
The butterfly disappears in a burst of colours!
You shoot an arrow. The arrow hits Jeremiah.
Jeremiah is moderately wounded.
The butterfly disappears in a burst of colours!
The butterfly disappears in a burst of colours! x3
Jeremiah barely misses you.
You shoot an arrow. The arrow hits Jeremiah!
Jeremiah is severely wounded.
The butterfly disappears in a burst of colours! x3
You shoot an arrow.
The arrow hits Jeremiah but does no damage.
Jeremiah is severely wounded.
The butterfly disappears in a burst of colours!
Jeremiah completely misses you.
The butterfly disappears in a burst of colours!
Jeremiah completely misses you.
The butterfly disappears in a burst of colours! x2
Jeremiah misses you.
The butterfly disappears in a burst of colours! x3
Jeremiah hits you from afar with a +4 trident of draining!
You feel drained. Jeremiah misses you.
Enter note:
Enter note: You shoot an arrow.
The arrow hits the butterfly!
You kill the butterfly!
The butterfly disappears in a burst of colours!
The butterfly disappears in a burst of colours!
Jeremiah hits you from afar with a +4 trident of draining!
You die...
Jeremiah asks, "Is it over?
Can I wake up now?"

#### ....######
.b.......# ####
....b.bb.# #####..<
.....Fbb.########.......
...b.bb@.#...........#..
...b.b.....###########..
....b.b..#.# #..
.....b...#.# #..
.........#.# #..
......<..#.## #####<.
....####....### ##......
.....#####....# #..#..##
......###.##.###....###


You could see Jeremiah.

Vanquished Creatures
  Pikel (D:4)
  Grinder (D:4)
  4 yaks (D:5)
  Edmund (D:6)
  An ice beast (D:6)
  A black bear (D:4)
  An ogre (D:4)
  A phantom (D:6)
  A bullfrog (D:6)
  A scorpion (D:5)
  A crimson imp (D:3)
  An orc priest (D:5)
  A gnoll bouda (D:5)
  2 hounds (D:5)
  6 iguanas
  6 orc wizards
  6 gnolls
  6 adders
  4 dart slugs
  2 ribbon worms (D:2)
  21 orcs
  6 ball pythons
  7 endoplasms
  4 giant cockroaches
  6 goblins
  8 hobgoblins
  2 quokkas
  5 bats
  5 frilled lizards
  3 kobolds
  5 rats
120 creatures vanquished.

Notes
Turn   | Place    | Note
-------+----------+-------------------------------------------
     0 | D:1      | qw the Spriggan Hunter began the quest for the Orb.
     0 | D:1      | Reached XP level 1. HP: 10/10 MP: 2/2
     0 | D:1      | 0 ||| qw: Version: 0.3-a-160-g6735b56
     0 | D:1      | 0 ||| qw: Game counter: 5412
     0 | D:1      | 0 ||| qw: Melee chars always use a shield: true
     0 | D:1      | 0 ||| qw: God list: Okawaru
     0 | D:1      | 0 ||| qw: Allow faded altars: false
     0 | D:1      | 0 ||| qw: Do Orc after clearing Dungeon:15 true
     0 | D:1      | 0 ||| qw: Do second Lair branch before Depths: true
     0 | D:1      | 0 ||| qw: Lair rune preference: random
     0 | D:1      | 0 ||| qw: Goals: Normal
     0 | D:1      | 0 ||| PLANNING D:1-11
    26 | D:1      | Reached skill level 3 in Dodging
    49 | D:1      | Reached XP level 2. HP: 14/14 MP: 3/3
   240 | D:1      | Reached XP level 3. HP: 16/18 MP: 4/4
   307 | D:1      | 307 ||| UPGRADING to amulet of reflection.
   312 | D:1      | 312 ||| UPGRADING to +5 ring of evasion.
   313 | D:1      | 313 ||| READING 2 scrolls labelled NAHEHE BITOC.
   314 | D:1      | 314 ||| READING scroll labelled BUAPOU OFAETA.
   315 | D:1      | 315 ||| READING scroll labelled UTUIRIG RYCRO.
   315 | D:1      | 315 ||| IDENTIFYING black potion
   316 | D:1      | 316 ||| DRINKING 2 sedimented golden potions.
   317 | D:1      | 317 ||| DRINKING 2 fizzy yellow potions.
   318 | D:1      | 318 ||| DROPPING scroll of butterflies.
   319 | D:1      | 319 ||| DROPPING scroll of blinking.
   320 | D:1      | 320 ||| DROPPING potion of brilliance.
   321 | D:1      | 321 ||| DROPPING potion of attraction.
   528 | D:2      | Found Axtuonud's Distillery.
   536 | D:2      | 536 ||| SHOPLISTING 2 potions of curing (66 gold, have 61).
   536 | D:2      | 536 ||| SHOPLISTING potion of cancellation (88 gold, have
                  | 61).
   536 | D:2      | 536 ||| BUYING potion of curing (33 gold).
   536 | D:2      | Bought a potion of curing for 33 gold pieces
   536 | D:2      | 536 ||| SHOPLISTING potion of heal wounds (55 gold, have
                  | 28).
   536 | D:2      | 536 ||| SHOPLISTING potion of resistance (110 gold, have
                  | 28).
   948 | D:2      | 948 ||| UPGRADING to +6 ring of strength.
   949 | D:2      | 949 ||| READING 2 scrolls labelled UMAOBI LOCW.
   949 | D:2      | 949 ||| ENCHANTING +0 shortbow.
   950 | D:2      | 950 ||| READING scroll of enchant weapon.
   950 | D:2      | 950 ||| ENCHANTING +1 shortbow.
  1007 | D:3      | Reached XP level 4. HP: 22/22 MP: 5/5
  1115 | D:3      | Found an iron altar of Okawaru.
  1116 | D:3      | 1116 ||| PLANNING OKAWARU WORSHIP
  1124 | D:3      | Became a worshipper of Warmaster Okawaru
  1125 | D:3      | 1125 ||| PLANNING D:1-11
  1203 | D:3      | Found a faded altar of an unknown god.
  1251 | D:3      | Reached XP level 5. HP: 18/26 MP: 6/6
  1566 | D:3      | Found a radiant altar of Vehumet.
  1567 | D:3      | Found a burning altar of Makhleb.
  1661 | D:3      | Found a shadowy altar of Dithmenos.
  1695 | D:3      | 1695 ||| READING scroll of identify.
  1695 | D:3      | 1695 ||| IDENTIFYING dark potion
  1727 | D:4      | Reached * piety under Okawaru
  1728 | D:4      | Reached skill level 6 in Ranged Weapons
  1732 | D:4      | Found a runed translucent door.
  1734 | D:4      | Noticed qw's ghost (amateur SpHu)
  1742 | D:4      | Found Zedova's Magic Scroll Emporium.
  1754 | D:4      | 1754 ||| BUYING scroll of identify (24 gold).
  1754 | D:4      | Bought a scroll of identify for 24 gold pieces
  1754 | D:4      | 1754 ||| BUYING scroll of identify (24 gold).
  1754 | D:4      | Bought a scroll of identify for 24 gold pieces
  1754 | D:4      | 1754 ||| SHOPLISTING scroll of identify (24 gold, have 6).
  1776 | D:4      | Noticed a black bear
  1777 | D:4      | 1777 ||| INVOKING Heroism.
  1784 | D:4      | Killed a black bear
  1785 | D:4      | Reached skill level 6 in Dodging
  1785 | D:4      | Reached XP level 6. HP: 30/30 MP: 4/7
  1982 | D:4      | Found a white marble altar of Elyvilon.
  2005 | D:4      | Reached skill level 1 in Invocations
  2034 | D:4      | Noticed Grinder
  2035 | D:4      | 2035 ||| INVOKING Heroism.
  2046 | D:4      | Killed Grinder
  2046 | D:4      | Reached ** piety under Okawaru
  2047 | D:4      | Reached XP level 7. HP: 22/35 MP: 7/10
  2162 | D:4      | Found a staircase to the Ecumenical Temple.
  2228 | D:4      | Found a sacrificial altar of Ru.
  2250 | D:4      | Reached skill level 3 in Invocations
  2339 | D:4      | 2339 ||| READING 3 scrolls of identify.
  2339 | D:4      | 2339 ||| IDENTIFYING 2 clear potions
  2340 | D:4      | 2340 ||| READING 2 scrolls of identify.
  2340 | D:4      | 2340 ||| IDENTIFYING 2 ruby potions
  2341 | D:4      | 2341 ||| DROPPING 2 potions of invisibility.
  2355 | D:5      | Entered Level 5 of the Dungeon
  2355 | D:5      | Noticed Pikel
  2356 | D:5      | 2356 ||| STAIRDANCE
  2358 | D:4      | 2358 ||| INVOKING Heroism.
  2367 | D:4      | Killed Pikel
  2367 | D:4      | Reached *** piety under Okawaru
  2368 | D:4      | Reached XP level 8. HP: 32/39 MP: 9/12
  2454 | D:5      | 2454 ||| RETREEEEATING.
  2455 | D:5      | 2455 ||| RETREEEEATING.
  2456 | D:5      | 2456 ||| RETREEEEATING.
  2457 | D:5      | 2457 ||| RETREEEEATING.
  2489 | D:5      | HP: 8/39 [yak (14)]
  2490 | D:5      | 2490 ||| DRINKING 2 potions of heal wounds.
  2497 | D:5      | Reached skill level 3 in Fighting
  2785 | D:5      | Reached **** piety under Okawaru
  2945 | D:5      | Found a runed translucent door.
  2946 | D:5      | Noticed Crazy Yiuf
  2995 | D:5      | Reached skill level 9 in Ranged Weapons
  3011 | D:5      | 3011 ||| READING scroll of enchant weapon.
  3011 | D:5      | 3011 ||| ENCHANTING +2 shortbow.
  3194 | D:5      | 3194 ||| READING 3 scrolls of identify.
  3194 | D:5      | 3194 ||| IDENTIFYING silvery potion
  3195 | D:5      | 3195 ||| READING 2 scrolls of identify.
  3195 | D:5      | 3195 ||| IDENTIFYING scroll labelled KAYSAE EFAV
  3196 | D:5      | 3196 ||| READING scroll of identify.
  3196 | D:5      | 3196 ||| IDENTIFYING scroll labelled OFORASHR DYLOYL
  3197 | D:5      | 3197 ||| DROPPING scroll of fog.
  3198 | D:5      | 3198 ||| DROPPING scroll of vulnerability.
  3236 | D:6      | Reached XP level 9. HP: 44/44 MP: 13/13
  3266 | D:6      | Noticed Edmund
  3285 | D:6      | Killed Edmund
  3374 | D:6      | Reached skill level 9 in Dodging
  3516 | D:6      | Noticed Jeremiah
  3517 | D:6      | 3517 ||| INVOKING Finesse.
  3540 | D:6      | 3540 ||| INVOKING Heroism.
  3551 | D:6      | HP: 8/44 [Jeremiah/divine providence (8)]
  3552 | D:6      | 3552 ||| DRINKING potion of heal wounds.
  3561 | D:6      | HP: 6/44 [Jeremiah/+4 trident of draining (8)]
  3563 | D:6      | Slain by Jeremiah

Levels and vault maps discovered:
D:1:      lordsloth_arrival_two_stooges, layout_rooms
D:2:      layout_basic, serial_shops, shop
D:3:      layout_basic, grunt_temple_overflow_lords_of_destruction,
          mainiacjoe_overflow_boulevard, general_overflow_altar,
          basic_ecumenical_altar, minivault_23
D:4:      layout_basic, nicolae_ru_awakened_eye,
          mainiacjoe_overflow_cross_hatched, minmay_temple_entry_fiery,
          ebering_ghost_reflecting_pool, serial_shops, shop, uniq_grinder
D:5:      layout_loops_cross, uniq_crazy_yiuf_cottage, uniq_pikel
D:6:      layout_rooms, feat_on_display, uniq_jeremiah, uniq_edmund

Skill      XL: |  1  2  3  4  5  6  7  8  9 |
---------------+----------------------------+-----
Dodging        | 3 4 5 6 8 9 |  9.1
Ranged Weapons | 5 6 7 9 |  9.0
Fighting       | 2 3 |  3.2
Invocations    | 2 4 5 |  5.8
Stealth        | |  1.5

Action                     |  1- 3 |  4- 6 |  7- 9 || total
---------------------------+-------+-------+-------++-------
   Fire: Shortbow          |   119 |   111 |   217 ||   447
 Invoke: Heroism           |       |     2 |     2 ||     4
         Finesse           |       |       |     1 ||     1
    Use: Scroll            |     5 |     1 |     6 ||    12
         Potion            |     2 |       |     2 ||     4
 Armour: Robe              |     8 |    12 |    13 ||    33
  Dodge: Dodged            |    50 |    35 |   124 ||   209
  Block: Other             |     9 |    12 |    18 ||    39

Table legend:
 A = Non-vault XP
 B = Vault XP
 C = Vault XP percentage of total XP
 D = Non-vault monster count
 E = Vault monster count
 F = Vault count percentage of total count
                 A         B        C        D         E       F
            +---------+---------+-------+---------+---------+-------
      Total |    2366 |    1127 |  32.3 |     116 |       4 |   3.3
            +---------+---------+-------+---------+---------+-------
        D:1 |      42 |       0 |   0.0 |      25 |       0 |   0.0
        D:2 |      53 |       0 |   0.0 |      16 |       0 |   0.0
        D:3 |     177 |      50 |  22.0 |      17 |       1 |   5.6
        D:4 |     343 |     906 |  72.5 |      19 |       2 |   9.5
        D:5 |    1175 |       0 |   0.0 |      20 |       0 |   0.0
        D:6 |     576 |     171 |  22.9 |      19 |       1 |   5.0
            +---------+---------+-------+---------+---------+-------
